 Dungeon Crawl Stone Soup version 0.27.1-35-g4d5d836560 (webtiles) character file.

Game seed: 13873982994777214224

1717 Delamore the Covert (level 9, -4/54 HPs)
             Began as an Octopode Brigand on Apr 24, 2022.
             Was an Initiate of Gozag.
             Slain by an orc warrior (9 damage)
             ... on level 6 of the Dungeon.
             The game lasted 00:07:20 (7374 turns).

Delamore the Covert (Octopode Brigand)              Turns: 7374, Time: 00:07:20

Health: -4/54      AC:  5    Str: 11    XL:     9   Next: 4%
Magic:  9/9        EV: 13    Int: 13    God:    Gozag
Gold:   315        SH:  0    Dex: 16    Spells: 8/8 levels left

rFire    . . .     SeeInvis .   p - +6 rapier of Eternal War {vorpal, +Blink rPois Stlth-}
rCold    . . .     Faith    .   (no shield)
rNeg     . . .     Spirit   .   (helmet restricted)
rPois    +         Reflect  .   (no amulet)
rElec    .         Harm     .   h - +4 ring of protection
rCorr    .         Rampage  .   (no ring)
Will     .....                  (no ring)
Stlth    ++++......             (no ring)
HPRegen  0.18/turn              (no ring)
MPRegen  0.11/turn              (no ring)
                                (no ring)
                                (no ring)

@: gold aura
A: almost no armour, amphibious, 8 rings, camouflage 1, gelatinous body 1,
(nimble swimmer 1), tentacles
a: Renounce Religion, Evoke Blink, Potion Petition, Call Merchant, Bribe Branch


You were on level 6 of the Dungeon.
You worshipped Gozag.
Gozag was aware of your devotion.
You visited 1 branch of the dungeon, and saw 6 of its levels.

You collected 699 gold pieces.
You paid 384 gold pieces to Gozag.

Inventory:

Hand Weapons
 a - a +2 dagger
 i - a +1 spear of flaming
 j - a +0 dagger of draining
 p - the +6 rapier of Eternal War (weapon) {vorpal, +Blink rPois Stlth-}
   (You found it on level 4 of the Dungeon)

   It inflicts extra damage upon your enemies.
   rPois:     It protects you from poison.
   +Blink:    It lets you blink.
   Stlth:     It makes you less stealthy.
 q - the +10 trident of Insufficient Pleasure {vorpal, *Slow rElec rPois}
   (You found it on level 5 of the Dungeon)

   It inflicts extra damage upon your enemies.
   rElec:     It insulates you from electricity.
   rPois:     It protects you from poison.
   *Slow:     It may slow you when you take damage.
Missiles
 b - 22 poisoned darts (quivered)
 s - 12 boomerangs of dispersal
Jewellery
 h - a +4 ring of protection (left tentacle)
Scrolls
 c - a scroll of fear {unknown}
 d - a scroll of teleportation
 g - 2 scrolls of enchant armour
 k - a scroll of vulnerability
 l - 2 scrolls of acquirement {unknown}
 m - 2 scrolls of amnesia {unknown}
 n - 2 scrolls of holy word {unknown}
 o - a scroll of summoning {unknown}
Potions
 e - a potion of resistance
 f - a potion of haste
 r - a potion of lignification {unknown}
 t - a potion of mutation {unknown}


   Skills:
 + Level 2.1 Fighting
 * Level 9.7 Short Blades
 - Level 2.0 Throwing
 + Level 1.2 Dodging
 - Level 10.0 Stealth


You had 8 spell levels left.
You didn't know any spells.
Your spell library contained the following spells:

 Spells                   Type           Power      Damage    Failure   Level
 Animate Skeleton         Necr           0%         N/A       30%         1
 Pain                     Necr           0%         1d4       30%         1
 Summon Small Mammal      Summ           0%         N/A       30%         1
 Blink                    Tloc           N/A        N/A       43%         2
 Call Imp                 Summ           0%         N/A       43%         2
 Call Canine Familiar     Summ           0%         N/A       67%         3
 Dazzling Flash           Conj/Hex       0%         N/A       67%         3
 Summon Guardian Golem    Hex/Summ       0%         N/A       67%         3
 Vampiric Draining        Necr           0%         2d6       67%         3
 Iskenderun's Mystic Bla  Conj/Tloc      0%         2d3       97%         4
 Summon Lightning Spire   Summ/Air       0%         N/A       97%         4
 Manifold Assault         Tloc           0%         N/A       100%        5
 Starburst                Conj/Fire      0%         6d3       100%        6
 Malign Gateway           Summ/Tloc      0%         N/A       100%        7
 Monstrous Menagerie      Summ           0%         N/A       100%        7
 Storm Form               Tmut/Air       0%         N/A       100%        7


Dungeon Overview and Level Annotations

Branches:
Dungeon (6/15)
 Temple: D:4-7

Altars:
Gozag
Qazlal
Wu Jian
Zin


Innate Abilities, Weirdness & Mutations

You cannot wear most types of armour.
You are amphibious.
You can wear up to eight rings at the same time.
Your skin changes colour to match your surroundings (Stealth+).
Your rubbery body absorbs attacks. (AC +1, EV +1)
((You are camouflaged near water. (Stealth+)))
You have tentacles for arms and can constrict up to eight enemies at once.


Message History

You constrict the orc warrior.
You constrict the orc priest, but do no damage.
You puncture the orc priest!
You kill the orc priest!
You constrict the orc warrior. The orc hits you with a +0 short sword.
* * * LOW HITPOINT WARNING * * *
The orc warrior struggles to escape constriction.
You hit the orc warrior but do no damage.
The orc warrior is moderately wounded.
You constrict the orc warrior, but do no damage.
The orc hits you with a +0 short sword.
* * * LOW HITPOINT WARNING * * *
The orc priest is distracted by your dazzling golden aura.
The orc warrior hits you with a +0 short sword.
* * * LOW HITPOINT WARNING * * *
Okay, then.
Okay, then.
You aren't carrying any items that you can evoke without wielding.
Unknown command.
You closely miss the orc priest. You grab the orc priest.
You constrict the orc warrior. You constrict the orc priest.
The orc priest misses you.
An orc warrior comes into view. It is wielding a +0 dire flail.
The orc closely misses you.
The orc warrior shouts!
You puncture the orc priest!
The orc priest is severely wounded.
You constrict the orc warrior. You constrict the orc priest.
You hear a shout!
The orc priest is no longer distracted by gold.
The orc priest looks braver for a moment.
You hit the orc warrior.
The orc warrior is severely wounded.
You constrict the orc warrior.
You constrict the orc priest, but do no damage.
The orc hits you with a +0 short sword.
* * * LOW HITPOINT WARNING * * *
The orc warrior hits you with a +0 short sword!
You die...
Your body crumbles into a pile of gold.

....[.....# #..........##
#.........######..........##
...............'............
###.#...########.|..........
..#.#.....# #............
....#.....# ###'##.......
...........######.##.......
.................#.#########
.......(.#.@o....#.#
.......#.#.oo....#.#
......#...o.....#.#
......##.....o..#.# ......
#........#+# ### ##.#.......
#.......o. ## ......(


You could see 2 orc warriors, 2 orc priests and 2 orcs.

Vanquished Creatures
  Pikel (D:4)
  A sky beast (D:6)
  An ogre (D:5)
  2 phantoms (D:5)
  Blork the orc (D:5)
  4 scorpions
  A howler monkey (D:4)
  A jelly (D:5)
  A hound (D:5)
  4 orc priests
  A gnoll shaman (D:5)
  Natasha (thrice) (D:3)
  An iguana (D:5)
  2 orc wizards
  A hound skeleton (D:4)
  11 gnolls
  4 adders
  A shadow imp (D:4)
  2 dart slugs
  5 orcs
  9 ball pythons
  6 endoplasms
  2 giant cockroaches
  10 goblins
  6 hobgoblins
  8 jackals
  10 kobolds
  4 quokkas
  7 bats
  2 frilled lizards
  2 rats
114 creatures vanquished.

Vanquished Creatures (others)
  4 toadstools (D:1)
4 creatures vanquished.

Grand Total: 118 creatures vanquished

Notes
Turn   | Place    | Note
-------+----------+-------------------------------------------
     0 | D:1      | Delamore the Octopode Brigand began the quest for the Orb.
     0 | D:1      | Reached XP level 1. HP: 14/14 MP: 1/1
    68 | D:1      | Reached XP level 2. HP: 14/19 MP: 2/2
   665 | D:2      | Reached XP level 3. HP: 12/24 MP: 3/3
  1021 | D:2      | Reached skill level 6 in Stealth
  1160 | D:2      | Reached XP level 4. HP: 24/29 MP: 4/4
  1401 | D:2      | Found a glowing silver altar of Zin.
  1939 | D:2      | Found a faded altar of an unknown god.
  2078 | D:2      | Reached XP level 5. HP: 16/34 MP: 5/5
  2413 | D:3      | Found an opulent altar of Gozag.
  2423 | D:3      | Became a worshipper of Gozag Ym Sagoz the Greedy
  2483 | D:3      | Found a stormy altar of Qazlal.
  2672 | D:3      | Noticed Natasha
  3120 | D:3      | Killed Natasha
  3121 | D:3      | Reached skill level 5 in Short Blades
  3121 | D:3      | Reached skill level 7 in Stealth
  3169 | D:3      | Noticed Natasha
  3173 | D:3      | Killed Natasha
  3174 | D:3      | Reached XP level 6. HP: 34/39 MP: 6/6
  3248 | D:3      | Found an ornate altar of the Wu Jian Council.
  3830 | D:3      | Noticed Natasha
  3844 | D:3      | Killed Natasha
  4172 | D:4      | Noticed Pikel
  4210 | D:4      | Killed Pikel
  4211 | D:4      | Reached skill level 8 in Stealth
  4211 | D:4      | Reached XP level 7. HP: 19/45 MP: 7/7
  4868 | D:4      | Identified the +6 rapier of Eternal War {vorpal, +Blink
                  | rPois Stlth-}
  4935 | D:4      | Reached skill level 9 in Stealth
  4935 | D:4      | Reached XP level 8. HP: 44/50 MP: 8/8
  5327 | D:5      | Entered Level 5 of the Dungeon
  6035 | D:5      | Identified the +10 trident of Insufficient Pleasure
                  | {vorpal, *Slow rElec rPois}
  6147 | D:5      | Got the Disquisition on the Escort
  6352 | D:5      | Reached skill level 10 in Stealth
  6363 | D:5      | Noticed Blork the orc
  6639 | D:5      | Killed Blork the orc
  6904 | D:5      | Got Xube's Volume of Creation and the Traveller
  7294 | D:6      | Reached XP level 9. HP: 51/54 MP: 9/9
  7374 | D:6      | Slain by an orc warrior

Illustrated notes

Levels and vault maps discovered:
D:1:      ldierk_water_garden, layout_basic, dk_noncrumbling_4,
          due_unseen_surprise
D:2:      layout_basic, dilly_ecumenical_altar_fadedgnrine, basic_altar
D:3:      minmay_diamond_boxcup, layout_loops_corners,
          nicolae_gozag_cash_rules_everything_around_me,
          nicolae_qazlal_scattered_showers, mainiacjoe_overflow_catwalk,
          uniq_natasha
D:4:      layout_basic, uniq_pikel
D:5:      layout_cave_pods, serial_column_ruins, column_ruins_columns_straight,
          column_ruins_open_medium, column_ruins_grid_1,
          column_ruins_corridor_dead_end, column_ruins_open_tiny,
          uniq_blork_the_orc
D:6:      layout_basic, evilmike_ruin_ashenzari, lemuel_temple_firewalk_b,
          minmay_unpleasant_kobolds, uniq_duvessa, uniq_sigmund, uniq_maggie

Skill      XL: |  1  2  3  4  5  6  7  8 |
---------------+-------------------------+-----
Short Blades   | 3 4 5 7 9 |  9.7
Stealth        | 6 7 8 9 10 | 10.0
Fighting       | |  2.1
Throwing       | |  2.0
Dodging        | |  1.2

Action                   |  1- 3 |  4- 6 |  7- 9 || total
-------------------------+-------+-------+-------++-------
Melee: Dagger            |    39 |   110 |    65 ||   214
       Constrict         |     8 |    25 |    17 ||    50
       Tentacles         |     7 |    26 |    26 ||    59
       Spear             |     5 |       |       ||     5
       Rapier            |       |       |    51 ||    51
Throw: Dart              |    12 |    10 |    29 ||    51
Invok: Potion Petition   |       |       |     1 ||     1
 Abil: Evoke Blink       |       |       |     1 ||     1
  Use: Potion            |       |     3 |     2 ||     5
       Scroll            |       |     3 |     2 ||     5
 Stab: Sleeping          |     8 |    14 |     7 ||    29
       Distracted        |     1 |     1 |       ||     2
Armor: Skin              |     8 |    19 |    15 ||    42
Dodge: Dodged            |    20 |    63 |    33 ||   116
